AoeStats
← T-REXX | PATRICK

Arena

508951799Analyzed
2v2 RM · 7d ago on Sep 24, 2026· 80m 47s· 4 players
Game mode
Random Map
Map size
Medium (4 player)
Population
200
Speed
Normal
Resources
Standard
Victory
Conquest
Starting age
Dark Age
Ending age
Imperial Age
RankedLock teamsTeams togetherTeam positionsShared explorationLock speedFull tech treeHidden civsTurbo modeCheats
Victory
Defeat
🇵🇪 Danes · Peru
1449
+9
🇲🇽 Franks · Mexico
1014
+25
🇺🇸 Burgundians · United States
1261
-17
🇪🇸 Spanish · Spain
1252
-17
Trulynoob
11:09 Feudal Age
16:55 Castle Age
16:12 Scale Barding Armor
17:26 Double-Bit Axe
17:56 Loom
19:54 Fervor
23:40 Wheelbarrow
23:01 Horse Collar
23:22 Town Watch
24:35 Husbandry
25:10 Bloodlines
26:42 Heavy Plow
26:54 Bow Saw
29:08 Hand Cart
29:37 Gold Mining
33:23 Imperial Age
31:25 Town Patrol
32:09 Chain Barding Armor
32:15 Sanctity
32:56 Padded Archer Armor
33:26 Redemption
34:12 Light Cavalry
35:44 Ballistics
36:53 Chemistry
36:12 Block Printing
36:33 Theocracy
37:08 Plate Barding Armor
36:49 Leather Archer Armor
36:53 Inquisition
37:38 Illumination
38:23 Two-Man Saw
37:37 Forging
41:27 Conscription
44:19 Hoardings
45:13 Supremacy
45:09 Stone Mining
45:37 Hussar
48:45 Iron Casting
48:01 Fletching
48:41 Ring Archer Armor
50:09 Thumb Ring
50:03 Bodkin Arrow
52:43 Masonry
53:35 Bracer
57:13 Blast Furnace
59:24 Scale Mail Armor
62:13 Elite Conquistador
63:32 Chain Mail Armor
66:16 Plate Mail Armor
MAST3R D3STROY3R
5:35 Double-Bit Axe
12:14 Feudal Age
16:37 Castle Age
15:08 Bow Saw
15:13 Gold Mining
15:14 Horse Collar
16:38 Scale Barding Armor
18:05 Chain Barding Armor
23:32 Forging
SoyKevinCoss
7:57 Loom
10:28 Feudal Age
12:27 Double-Bit Axe
17:28 Castle Age
18:36 Bow Saw
23:55 Scale Barding Armor
23:52 Elite Skirmisher
26:34 Scale Mail Armor
26:39 Padded Archer Armor
28:25 Town Watch
33:53 Imperial Age
33:07 Wheelbarrow
32:44 Forging
33:31 Fletching
33:57 Leather Archer Armor
33:28 Pikeman
34:38 Husbandry
35:17 Ballistics
34:42 Capped Ram
37:13 Chemistry
36:57 Gold Mining
37:17 Cavalier
37:52 Halberdier
39:00 Squires
39:43 Paladin
41:36 Gold Shaft Mining
42:45 Light Cavalry
43:35 Scale Mail Armor
44:30 Iron Casting
44:16 Chain Barding Armor
44:38 Devotion
46:35 Blast Furnace
67:07 Plate Barding Armor
81:34 Hand Cart
81:21 Town Patrol
T-REXX | PATRICK
11:47 Feudal Age
12:45 Double-Bit Axe
15:36 Castle Age
13:18 Horse Collar
15:06 Loom
18:32 Bow Saw
23:33 Scale Mail Armor
26:14 Chain Mail Armor
33:14 Imperial Age
31:23 Forging
31:33 Squires
31:58 Heavy Plow
33:38 Iron Casting
33:55 Fletching
34:58 Wheelbarrow
35:36 Plate Mail Armor
35:37 Conscription
35:29 Bodkin Arrow
36:49 Devotion
38:23 Elite Jomsviking
39:43 Hoardings
41:35 Blast Furnace
42:05 Bracer
42:07 Padded Archer Armor
42:21 Masonry
42:34 Hand Cart
43:23 Ballistics
44:04 Chemistry
43:37 Heavy Mounted Crossbowman
44:23 Cranequins
45:09 Thumb Ring
46:39 Leather Archer Armor
47:56 Ring Archer Armor
47:37 Bloodlines
47:27 Husbandry
50:33 Gold Mining
52:12 Gold Shaft Mining
51:28 Stone Mining
53:16 Stone Shaft Mining
55:40 Elite Skirmisher
63:04 Hamask
Connection lost

Rejoining the realm…

Still unreachable

The connection could not be restored.

Session expired

The server has moved on; the page needs a fresh start.